 Dungeon Crawl Stone Soup version 0.23-a0-182-g58cdd98f8d (webtiles) character file.

2998 PikkenKukken the Cutter (level 9, -2/47 HPs)
             Began as a Vine Stalker Fighter on Sept 20, 2018.
             Was a Follower of Uskayaw.
             Killed from afar by a steam dragon (9 damage)
             ... with a ball of steam
             ... on level 6 of the Dungeon.
             The game lasted 00:07:27 (4506 turns).

PikkenKukken the Cutter (Vine Stalker Fighter)      Turns: 4506, Time: 00:07:28

Health: -2/47      AC: 12    Str: 20    XL:     9   Next: 84%
Magic:  0/10       EV: 10    Int:  8    God:    Uskayaw [*.....]
Gold:   305        SH: 11    Dex: 16    Spells: 8/8 levels left

rFire    . . .     SeeInvis .   l - +1 short sword (venom)
rCold    . . .     Gourm    +   c - +1 shield
rNeg     . . .     Faith    .   b - +0 scale mail
rPois    +         Spirit   +   i - +2 helmet
rElec    .         Reflect  .   (no cloak)
rCorr    .         Harm     .   o - +1 pair of gloves
MR       +....                  (no boots)
Stlth    ..........             j - amulet of the gourmand
HPRegen  0.55/turn              u - ring of poison resistance
MPRegen  0.12/turn              (no ring)

@: no status effects
A: fangs 3, regeneration 1, magic shield, antimagic bite, no potion heal 3, rot
immunity
a: Stomp, Renounce Religion


You were on level 6 of the Dungeon.
You worshipped Uskayaw.
Uskayaw was noncommittal.
You were completely stuffed.

You visited 2 branches of the dungeon, and saw 7 of its levels.

You collected 361 gold pieces.
You spent 56 gold pieces at shops.

Inventory:

Hand Weapons
 a - a +1 rapier
 l - a +1 short sword of venom (weapon)
Armour
 b - a +0 scale mail (worn)
 c - a +1 shield (worn)
 i - a +2 helmet (worn)
 o - a +1 pair of gloves (worn)
Jewellery
 j - an amulet of the gourmand (around neck)
 u - a ring of poison resistance (left hand)
Wands
 v - a wand of random effects (12)
Scrolls
 g - 3 scrolls of enchant weapon
 p - 4 scrolls of teleportation
 r - a scroll of remove curse
 s - a scroll of fear
 t - a scroll of identify
Potions
 d - 3 potions of might
 e - a potion of brilliance
 h - a potion of cancellation
 m - a potion of curing
 n - a potion of invisibility
 q - a potion of haste
Comestibles
 f - 15 rations
 k - 2 chunks of flesh


   Skills:
 + Level 5.6 Fighting
 * Level 7.2 Short Blades
 + Level 5.2 Armour
 + Level 4.3 Dodging
 + Level 5.6 Shields


You had 8 spell levels left.
You didn't know any spells.
Your spell library was empty.

Dungeon Overview and Level Annotations

Branches:
Dungeon (6/15)             Temple (1/1) D:6

Altars:
Cheibriados
Dithmenos
Elyvilon
Fedhas
Gozag
Hepliaklqana
Kikubaaqudgha
Okawaru
Qazlal
Sif Muna
Trog
Uskayaw
Xom
Yredelemnul
Zin
The Shining One

Shops:
D:4 !


Innate Abilities, Weirdness & Mutations

You have razor-sharp teeth.
Your natural rate of healing is unusually fast.
When hurt, damage is shared between your health and your magic reserves.
Your bite disrupts and absorbs the magic of your enemies.
Potions cannot restore your health.
You are immune to rotting.


Message History

* * * LOW HITPOINT WARNING * * *
You block the steam dragon's attack.
You can no longer pass through a line of other dancers.
Okay, then.
The steam dragon closely misses you. The steam dragon barely misses you.
You hit the steam dragon but do no damage.
The steam dragon is poisoned.
The fungus is engulfed in a cloud of scalding steam.
The steam dragon bites you but does no damage.
You block the steam dragon's attack.
The steam dragon bites you but does no damage.
The steam dragon claws you but does no damage.
You hit the steam dragon.
The steam dragon looks as sick as possible!
Your bite misses the steam dragon.
The steam dragon is moderately wounded.
The fungus is engulfed in a cloud of scalding steam.
The steam dragon breathes steam at you. The ball of steam hits you!
You die...

##.P#.############....
#P..#.########## #...#
#^.≈#.##.......###...#
#≈.P#.##........#.8.##
#P.P#.##.......)....)#
#≈.≈#.##.......#8.>.8#
##≈.≈#.§..............#
#....≈#####'#....#.8.##
##≈≈.≈D@####.#.######..#
#.P$...≈≈#...#..........
#.P.§...≈#.#############
##≈......#..............
#P≈..P.###############.
###≈.P## #. ##### #.
#####. #.....


You could see a steam dragon.

Vanquished Creatures
  Grinder (D:3)
  5 humans (D:6)
  Duvessa (D:4)
  A water moccasin (D:5)
  A sky beast (D:5)
  An ogre (D:6)
  5 centaurs (D:5)
  Dowan (D:4)
  2 scorpions
  A howler monkey (D:5)
  A centaur zombie (D:5)
  7 orc priests
  5 hounds
  12 orc wizards
  An iguana (D:4)
  3 worker ants
  2 adders (D:6)
  A howler monkey skeleton (D:3)
  An ooze (D:1)
  2 adder zombies (D:5)
  An adder skeleton (D:4)
  3 worms
  3 leopard geckos
  32 orcs
  A ball python (D:1)
  3 bats
  3 giant cockroaches
  5 goblins
  9 hobgoblins (D:1)
  14 jackals
  7 kobolds
  4 quokkas
  A ball python zombie (D:4)
  4 frilled lizards
  3 leopard gecko skeletons (D:4)
  A quokka skeleton (D:6)
  8 rats
156 creatures vanquished.

Vanquished Creatures (others)
  A steam dragon (D:6)
1 creature vanquished.

Grand Total: 157 creatures vanquished

Notes
Turn   | Place    | Note
-------+----------+-------------------------------------------
     0 | D:1      | PikkenKukken the Vine Stalker Fighter began the quest for
                  | the Orb.
     0 | D:1      | Reached XP level 1. HP: 11/11 MP: 2/2
   203 | D:1      | Reached skill level 2 in Short Blades
   236 | D:1      | Reached XP level 2. HP: 16/16 MP: 3/3
   585 | D:1      | Reached XP level 3. HP: 18/19 MP: 4/4
  1072 | D:2      | Found an iron altar of Okawaru.
  1240 | D:2      | Reached skill level 1 in Dodging
  1240 | D:2      | Gained mutation: Your natural rate of healing is unusually
                  | fast. [Vine Stalker growth]
  1240 | D:2      | Reached XP level 4. HP: 24/24 MP: 5/5
  1255 | D:2      | Reached skill level 3 in Short Blades
  1255 | D:2      | Reached XP level 5. HP: 23/28 MP: 4/6
  2068 | D:3      | Reached XP level 6. HP: 29/32 MP: 7/7
  2124 | D:3      | Noticed Grinder
  2140 | D:3      | Paralysed by Grinder for 7 turns
  2155 | D:3      | Killed Grinder
  2155 | D:3      | Reached skill level 4 in Short Blades
  2155 | D:3      | Reached XP level 7. HP: 33/37 MP: 6/8
  2454 | D:4      | Noticed Duvessa
  2456 | D:4      | Noticed Dowan
  2466 | D:4      | Killed Duvessa
  2470 | D:4      | Killed Dowan
  2640 | D:4      | Found a shadowy altar of Dithmenos.
  2682 | D:4      | Gained mutation: You have razor-sharp teeth. [Vine Stalker
                  | growth]
  2682 | D:4      | Reached XP level 8. HP: 42/42 MP: 9/9
  3076 | D:4      | Found Lere Leiw's Distillery.
  3080 | D:4      | Bought a potion of might for 56 gold pieces
  3138 | D:4      | Reached skill level 5 in Short Blades
  3213 | D:5      | Entered Level 5 of the Dungeon
  3502 | D:5      | Reached skill level 6 in Short Blades
  3502 | D:5      | Reached XP level 9. HP: 30/46 MP: 10/10
  3704 | D:5      | Reached skill level 5 in Fighting
  3704 | D:5      | Reached skill level 5 in Shields
  3949 | D:6      | Reached skill level 7 in Short Blades
  3949 | D:6      | Reached skill level 5 in Armour
  4013 | D:6      | Found a staircase to the Ecumenical Temple.
  4022 | Temple   | Entered the Ecumenical Temple
  4175 | Temple   | Became a worshipper of Uskayaw the Reveler
  4283 | D:6      | Reached * piety under Uskayaw
  4290 | D:6      | Found a glowing golden altar of the Shining One.
  4456 | D:6      | Reached ** piety under Uskayaw
  4506 | D:6      | Killed from afar by a steam dragon

Vault maps used:
D:1:      ncdulo_wetmaze
D:2:      okawaru_metal_pillars_3
D:3:      first_ration, uniq_grinder
D:4:      nicolae_dithmenos_the_darkroom, serial_shops, nicolae_shop_trees,
          uniq_duvessa
D:5:      serial_park_tiny_1
D:6:      kennysheep_steamy, tso_metal_star,
          minmay_temple_entry_statues_pillars, minmay_stone_trees_medium,
          st_stairs_3, hangedman_decor_lopped, minmay_ruffians
Temple:   oiseaux_autumnal_temple

Skill      XL: |  1  2  3  4  5  6  7  8  9 |
---------------+----------------------------+-----
Short Blades   | 2 3 4 6 7 |  7.2
Shields        | 3 4 5 |  5.6
Fighting       | 3 4 5 |  5.6
Dodging        | 1 2 3 4 |  4.3
Armour         | 3 4 5 |  5.2

Action                   |  1- 3 |  4- 6 |  7- 9 || total
-------------------------+-------+-------+-------++-------
Melee: Rapier            |   127 |    49 |       ||   176
       Bite              |    27 |    21 |   134 ||   182
       Short sword       |       |    31 |   357 ||   388
  Use: Scroll            |     7 |     4 |     4 ||    15
  Eat: Chunk             |    21 |     3 |     8 ||    32
Armor: Scale mail        |    70 |    30 |   129 ||   229
Dodge: Dodged            |    24 |    26 |   127 ||   177
Block: Shield            |    62 |    33 |   201 ||   296

Table legend:
 A = Non-vault XP
 B = Vault XP
 C = Vault XP percentage of total XP
 D = Non-vault monster count
 E = Vault monster count
 F = Vault count percentage of total count
                 A         B        C        D         E       F
            +---------+---------+-------+---------+---------+-------
      Total |    2549 |    1734 |  40.5 |     146 |      11 |   7.0
            +---------+---------+-------+---------+---------+-------
        D:1 |      56 |       0 |   0.0 |      29 |       0 |   0.0
        D:2 |     140 |       0 |   0.0 |      12 |       0 |   0.0
        D:3 |     133 |     304 |  69.6 |      18 |       1 |   5.3
        D:4 |     479 |     232 |  32.6 |      30 |       2 |   6.2
        D:5 |    1418 |       0 |   0.0 |      34 |       0 |   0.0
        D:6 |     323 |    1198 |  78.8 |      23 |       8 |  25.8
            +---------+---------+-------+---------+---------+-------
